 Dungeon Crawl Stone Soup version 0.31.0-11-ge490571c62 (webtiles) character file.

Game seed: 17262417500591350615

3205 browni3141 the Cleaver (level 9, -3/82 (85) HPs)
             Began as a Minotaur Fighter on Jan 28, 2024.
             Was a Believer of Okawaru.
             Asphyxiated
             ... on level 8 of the Dungeon.
             The game lasted 00:03:44 (5646 turns).

browni3141 the Cleaver (Minotaur Fighter)           Turns: 5646, Time: 00:03:45

HP:   -3/82 (85)    AC:  6    Str: 25    XL:     9   Next: 65%
MP:   9/9           EV:  9    Int:  5    God:    Okawaru [**....]
Gold: 260           SH:  4    Dex: 10    Spells: 8/8 levels left

rFire   . . .        a - +0 war axe
rCold   . . .        c - +0 buckler
rNeg    . . .        b - +0 scale mail
rPois   .            (helmet restricted)
rElec   .            (no cloak)
rCorr   .            (no gloves)
SInv    +            (no boots)
Will    +....        D - amulet of the acrobat Stlth
                     k - ring of willpower
HPRegen 0.33/turn    A - ring of see invisible
MPRegen 0.11/turn

%: acrobat
@: lethally poisoned (-3 -> -31), slowed, lightly drained, very slow
A: horns 2, retaliatory headbutt
a: Renounce Religion, Heroism


You were on level 8 of the Dungeon.
You worshipped Okawaru.
Okawaru was pleased with you.
You visited 2 branches of the dungeon, and saw 9 of its levels.
You also visited: Ossuary.

You collected 365 gold pieces.
You spent 105 gold pieces at shops.

Inventory:

Hand Weapons
 a - a +0 war axe (weapon)
Armour
 b - a +0 scale mail (worn)
 c - a +0 buckler (worn)
Jewellery
 k - a ring of willpower (left hand)
 y - a ring of protection from fire
 A - a ring of see invisible (right hand)
 C - a ring of magical power
 D - an amulet of the acrobat (around neck)
 E - a ring of wizardry
Wands
 d - a wand of iceblast (9)
Scrolls
 g - a scroll of silence
 h - a scroll of enchant weapon
 i - 4 scrolls of poison
 j - 2 scrolls of noise
 n - a scroll of enchant armour
 o - 2 scrolls of fog
 p - a scroll of amnesia
 r - a scroll of revelation
 s - 2 scrolls of teleportation
 t - a scroll of blinking
 u - 2 scrolls of vulnerability
 x - a scroll of torment {unknown}
Potions
 e - 2 potions of degeneration {unknown}
 f - 11 potions of curing
 l - 3 potions of heal wounds {unknown}
 m - 2 potions of attraction {unknown}
 q - a potion of resistance {unknown}
 v - a potion of ambrosia {unknown}
 w - a potion of mutation {unknown}
 z - a potion of brilliance {unknown}
 B - 2 potions of cancellation {unknown}
 F - a potion of invisibility {unknown}


   Skills:
 + Level 10.0 Fighting
 * Level 13.1 Axes
 - Level 3.6 Armour
 - Level 3.6 Shields
 + Level 2.0 Invocations


You had 8 spell levels left.
You didn't know any spells.
Your spell library contained the following spells:

 Spells                   Type           Power      Damage    Failure   Level
 Sublimation of Blood     Necr           0%         N/A       92%         2
 Call Imp                 Summ           Unusable   N/A       N/A         2
 Summon Hydra             Summ           Unusable   N/A       N/A         7

Dungeon Overview and Level Annotations

Branches:
Dungeon (8/15)             Temple (1/1) D:6         Ossuary (visited)
   Lair: D:8-11

Altars:
Ashenzari
Cheibriados
Elyvilon
Fedhas
Hepliaklqana
Kikubaaqudgha
Makhleb
Okawaru
Qazlal
Ru
Sif Muna
Trog
Vehumet
Wu Jian
Yredelemnul
Zin
The Shining One

Shops:
D:4 *[   D:6 *


Innate Abilities, Weirdness & Mutations

You have a pair of horns on your head.
You reflexively headbutt those who attack you in melee.


Message History

Found a stone staircase leading up.
There is an escape hatch in the ceiling here.
You see here a +0 ring mail.
You now have 260 gold pieces (gained 11).
There is a stone staircase leading up here.
Found a stone staircase leading down.
A kobold comes into view. It is wielding a +0 short sword.
The kobold shouts!
A kobold brigand comes into view.
It is wielding a +0 club and quivering curare-tipped darts.
The kobold brigand shouts!
You hear a shout! x2
A kobold comes into view. It is wielding a +0 short sword.
A wight comes into view. It is wielding a +0 battleaxe.
A kobold comes into view. It is wielding a +0 dagger.
The kobold shouts!
You hear a shout!
A wight comes into view. It is wielding a +3 great sword.
A kobold comes into view. It is wielding a +0 club.
The kobold barely misses you.
The kobold shouts!
You slash the kobold!
You kill the kobold!
Okawaru accepts your kill.
The kobold brigand throws a curare-tipped dart.
The curare-tipped dart hits you.
You are poisoned.
You have difficulty breathing.
You feel yourself slow down.
A kobold comes into view. It is wielding a +0 short sword.
You feel very sick.
The kobold shouts!
The kobold brigand throws a curare-tipped dart.
The curare-tipped dart completely misses you.
You see here a +0 short sword.
You slash the wight!
The wight is almost destroyed.
You feel very sick. The wight hits you with a +0 battleaxe!
A kobold comes into view. It is wielding a +0 dagger of pain.
You slash the wight!
You destroy the wight!
Okawaru accepts your kill.
You slash the kobold!
You kill the kobold!
Okawaru accepts your kill.
You closely miss the kobold brigand.
You feel sick.
The kobold brigand hits you with a +0 club.
The wight hits you with a +3 great sword!
Your Invocations skill increases to level 2!
You slash the kobold!
You kill the kobold!
You hit the kobold brigand. You hit the wight but do no damage.
You feel sick.
The kobold brigand hits you with a +0 club.
The wight hits you with a +3 great sword!
You feel drained.
You closely miss the kobold brigand.
The kobold brigand is lightly wounded.
You closely miss the kobold. You slash the wight!
You feel sick. The kobold brigand closely misses you.
You block the wight's attack.
You feel sick. The kobold brigand closely misses you.
You block the kobold's attack. The wight completely misses you.
You block the kobold's attack. The kobold misses you.
The kobold brigand misses you. The kobold misses you. You furiously retaliate!
You headbutt the kobold!
You kill the kobold!
The wight closely misses you.
There is a stone staircase leading down here.
Things that are here:
a +0 dagger; a +0 battleaxe; a +0 robe You barely miss the wight.
You headbutt the wight, but do no damage.
The wight is severely damaged.
You closely miss the kobold. You hit the kobold brigand.
You barely miss the kobold.
You feel sick. The kobold barely misses you. You furiously retaliate!
You headbutt the kobold.
You kill the kobold!
Okawaru accepts your kill. The kobold brigand closely misses you.
You furiously retaliate!
You headbutt the kobold brigand. You block the wight's attack.
The kobold barely misses you. You furiously retaliate!
You headbutt the kobold!
You kill the kobold!
Okawaru accepts your kill.
You feel sick.
You are no longer poisoned.
The kobold brigand throws a curare-tipped dart.
The curare-tipped dart hits you.
You are poisoned.
You have difficulty breathing.
You feel as though you will be slow longer.
The wight completely misses you.
The kobold brigand throws a curare-tipped dart.
The curare-tipped dart completely misses you.
The wight completely misses you.
Items here: ( )) †.
You slice the wight!!
You destroy the wight!
Okawaru accepts your kill.
You feel very sick.
The kobold brigand throws a curare-tipped dart.
The curare-tipped dart hits you.
You are more poisoned.
You have difficulty breathing.
You die...

### ##.## ##...##
########..K..####..#
#.........)>@.......
#.######..)).####..#
#.# ...........#
#.#.######.###..(.
#<#.# ### ..## #.#.#
.# #.#.# .. #[#.# ##
#.#.#####.#


You could see a kobold brigand.

Vanquished Creatures
  Maurice (D:8)
  A sky beast (D:7)
  An orc warrior (D:8)
  An ice beast (D:6)
  2 ogres (D:6)
  A centaur (D:6)
  Blork the orc (D:4)
  A bullfrog (D:6)
  4 scorpions
  3 water moccasin zombies (Ossuary)
  A burial acolyte (Ossuary)
  5 wights (D:8)
  14 killer bees
  An electric eel (D:6)
  A bombardier beetle (D:6)
  2 jellies
  6 orc priests
  A hound (D:4)
  A gnoll bouda (D:8)
  4 iguanas
  5 orc wizards
  2 crocodile zombies (Ossuary)
  2 mummies (Ossuary)
  6 gnolls
  7 adders
  A shadow imp (D:5)
  2 white imps
  7 adder zombies (Ossuary)
  A dart slug (D:1)
  A ribbon worm (D:2)
  16 orcs
  4 ball pythons
  2 bats
  9 endoplasms
  3 giant cockroaches
  9 gnoll zombies (Ossuary)
  4 goblins
  3 hobgoblins (D:2)
  7 jackals (D:2)
  2 quokkas (D:2)
  5 frilled lizards
  7 jackal zombies (Ossuary)
  14 kobolds
  3 orc zombies (Ossuary)
  2 rats
176 creatures vanquished.

Notes
Turn   | Place    | Note
-------+----------+-------------------------------------------
     0 | D:1      | browni3141 the Minotaur Fighter began the quest for the
                  | Orb.
     0 | D:1      | Reached XP level 1. HP: 19/19 MP: 0/0
    94 | D:2      | Noticed a jelly
    98 | D:2      | Killed a jelly
    99 | D:2      | Reached skill level 3 in Axes
    99 | D:2      | Reached XP level 2. HP: 16/27 MP: 1/1
    99 | D:2      | Reached XP level 3. HP: 20/33 MP: 2/2
   234 | D:2      | Reached skill level 4 in Axes
   307 | D:2      | Reached XP level 4. HP: 24/41 MP: 3/3
   700 | D:3      | Found a bloodstained altar of Trog.
  1008 | D:4      | Noticed a scorpion
  1008 | D:4      | Found an ornate altar of the Wu Jian Council.
  1025 | D:3      | Killed a scorpion
  1026 | D:3      | Reached skill level 5 in Fighting
  1026 | D:3      | Reached skill level 5 in Axes
  1026 | D:3      | Reached XP level 5. HP: 8/48 MP: 4/4
  1281 | D:3      | Reached skill level 6 in Axes
  1601 | D:4      | Found Juuch's General Store.
  1610 | D:4      | Bought a scroll of blinking for 105 gold pieces
  1685 | D:4      | Found Izxir's Antique Armour Shoppe.
  1716 | D:4      | Reached XP level 6. HP: 49/56 MP: 5/5
  1972 | D:4      | Found a glowing golden altar of the Shining One.
  2119 | D:4      | Noticed Blork the orc
  2133 | D:4      | Killed Blork the orc
  2134 | D:4      | Reached skill level 7 in Axes
  2656 | D:4      | Found a shimmering blue altar of Sif Muna.
  2730 | D:4      | Reached XP level 7. HP: 25/64 MP: 6/6
  2981 | D:5      | Entered Level 5 of the Dungeon
  3198 | D:5      | Found a sand-covered staircase.
  3207 | Ossuary  | Entered an ossuary
  3222 | Ossuary  | Reached skill level 8 in Axes
  3433 | Ossuary  | Reached skill level 9 in Axes
  3581 | D:5      | Reached XP level 8. HP: 68/73 MP: 7/7
  4083 | D:6      | Reached skill level 10 in Axes
  4091 | D:6      | Found a staircase to the Ecumenical Temple.
  4276 | Temple   | Entered the Ecumenical Temple
  4281 | Temple   | Became a worshipper of Warmaster Okawaru
  4308 | D:6      | Found Plog's Elemental Accessories.
  4422 | D:6      | Found a hazy altar of Hepliaklqana.
  4624 | D:6      | Reached skill level 11 in Axes
  5087 | D:7      | Reached * piety under Okawaru
  5119 | D:8      | Found a broken altar of Ashenzari.
  5124 | D:8      | Saw a vision of the Swamp and the Snake Pit.
  5124 | D:8      | Noticed a mana viper
  5124 | D:8      | Noticed an anaconda
  5124 | D:8      | Noticed a tyrant leech
  5124 | D:8      | Noticed a goliath frog
  5124 | D:8      | Noticed a naga mage
  5127 | D:8      | Noticed a naga warrior
  5128 | D:8      | Noticed a naga mage
  5128 | D:8      | Noticed a bog body
  5150 | D:8      | Noticed Maurice
  5154 | D:8      | Maurice stole a ring of wizardry
  5155 | D:8      | Reached XP level 9. HP: 77/82 MP: 5/8
  5160 | D:8      | Killed Maurice
  5161 | D:8      | Reached skill level 12 in Axes
  5377 | D:8      | Reached skill level 1 in Invocations
  5381 | D:8      | Reached ** piety under Okawaru
  5572 | D:8      | Reached skill level 13 in Axes
  5575 | D:8      | Reached skill level 10 in Fighting
  5646 | D:8      | Asphyxiated

Illustrated notes

Levels and vault maps discovered:
D:1:      saegor_arrival_fortress, layout_basic
D:2:      layout_loops_corners, shapermc_ecumenical_altar_hornbeckon,
          minmay_fractal_squares_5, uniq_crazy_yiuf_cottage
D:3:      layout_basic, mainiacjoe_overflow_paths, minmay_statues_item
D:4:      layout_cave_pods, nicolae_sif_muna_little_library, tso_metal_star,
          nicolae_wu_jian_wuxing_cycle, serial_shops, shop, shop, minivault_25,
          uniq_blork_the_orc
D:5:      layout_rooms, enter_ossuary_1
D:6:      wad_lake_hut, layout_rooms, mainiacjoe_overflow_alcove_1,
          temple_statues, nicolae_elemental_shop, minmay_misc_feat_alley
D:7:      layout_loops_ring, kennysheep_mini_moat
D:8:      layout_loops_ring, grunt_ashenzari_visionary
          [grunt_ashenzari_visionary_swamp, grunt_ashenzari_visionary_snake],
          david_lair_generic, kennysheep_big_empty_room, nrook_uturn,
          uniq_maurice, uniq_maggie
Temple:   minmay_freezing_vapour_temple

Skill      XL: |  1  2  3  4  5  6  7  8  9 |
---------------+----------------------------+-----
Fighting       | 4 5 6 7 8 10 | 10.0
Axes           | 3 4 5 6 7 9 11 13 | 13.1
Invocations    | 2 |  2.0
Armour         | |  3.6
Shields        | |  3.6

Action                     |  1- 3 |  4- 6 |  7- 9 || total
---------------------------+-------+-------+-------++-------
  Melee: War axe           |    41 |   159 |   227 ||   427
         Headbutt          |     4 |    14 |    34 ||    52
 Invoke: Heroism           |       |       |     1 ||     1
    Use: Scroll            |       |       |    10 ||    10
         Potion            |       |       |     2 ||     2
 Armour: Scale mail        |    46 |   125 |   159 ||   330
  Dodge: Dodged            |    33 |    62 |   134 ||   229
  Block: Buckler           |    17 |    30 |    42 ||    89
